 Dungeon Crawl Stone Soup version 0.30-a0-381-g6ea064c7b4 (webtiles) character file.

Game seed: 8037765025414305387

1715 MackTheKnife the Fighter (level 9, -6/97 HPs)
             Began as an Ogre Cinder Acolyte on Dec 1, 2022.
             Was a High Priest of Ignis.
             Shot with a bolt by an orc warrior (23 damage)
             ... on level 7 of the Dungeon.
             The game lasted 00:15:56 (6079 turns).

MackTheKnife the Fighter (Ogre Cinder Acolyte)      Turns: 6079, Time: 00:15:57

Health: -6/97      AC:  3    Str: 20    XL:     9   Next: 4%
Magic:  24/37      EV:  9    Int: 17    God:    Ignis [*****.]
Gold:   388        SH:  0    Dex:  6    Spells: 15/21 levels left

rFire   + . .      SeeInvis .    x - +5 trident (holy) {polearm}
rCold   . . .      Faith    .    (no shield)
rNeg    . . .      Spirit   .    b - +0 robe
rPois   .          Reflect  .    (helmet restricted)
rElec   .          Harm     .    (no cloak)
rCorr   .          Rampage  .    (gloves unavailable)
Will    .....                    (boots unavailable)
Stlth   +.........               (no amulet)
HPRegen 0.36/turn                r - ring of magical power
MPRegen 0.25/turn                y - ring of magical power

@: slowed, invisible, very slow
A: large, unfitting armour, tough skin 1
a: Renounce Religion, Fiery Armour, Foxfire Swarm, Rising Flame


You were on level 7 of the Dungeon.
You worshipped Ignis.
Ignis was extremely pleased with you.
You visited 1 branch of the dungeon, and saw 7 of its levels.

You collected 388 gold pieces.


Innate Abilities, Weirdness & Mutations

You are too large for most types of armour.
You have tough skin. (AC +1)


   Skills:
 - Level 8.4 Fighting
 - Level 2.6 Maces & Flails
 + Level 6.7 Spellcasting
 + Level 4.8 Conjurations
 - Level 3.7 Hexes
 - Level 3.6 Fire Magic


You had 15 spell levels left.
You knew the following spells:

 Your Spells              Type           Power      Damage    Failure   Level
a - Fulminant Prism       Conj/Hex       10%        3d8       21%         4
z - Scorch                Fire           36%        2d6       4%          2

Your spell library contained the following spells:

 Spells                   Type           Power      Damage    Failure   Level
 Magic Dart               Conj           88%        1d7       1%          1
 Searing Ray              Conj           44%        2d6       2%          2
 Apportation              Tloc           10%        N/A       12%         1
 Gell's Gravitas          Tloc           5%         N/A       34%         3
 Lesser Beckoning         Tloc           10%        N/A       34%         3
 Teleport Other           Tloc           5%         N/A       34%         3
 Petrify                  Tmut/Erth      5%         N/A       75%         4
 Metabolic Englaciation   Hex/Ice        6%         N/A       83%         5
 Alistair's Intoxication  Tmut/Pois      3%         N/A       97%         5
 Dispersal                Tloc           2%         N/A       100%        6
 Statue Form              Tmut/Erth      3%         N/A       100%        6

Inventory:

Hand Weapons
 x - a +5 trident of holy wrath (weapon) {polearm}
   (You took it off a gnoll sergeant on level 6 of the Dungeon)
Missiles
 c - 9 poisoned darts (quivered) {throwing}
 h - 2 throwing nets {=f!fthrowing}
 u - 6 javelins {throwing}
 v - 5 large rocks {=fthrowing}
Armour
 b - a +0 robe (worn)
 j - a +0 robe
   (You found it on level 1 of the Dungeon)
Jewellery
 f - a ring of poison resistance
   (You took it off an orc on level 5 of the Dungeon)
 r - a ring of magical power (left hand)
   (You found it on level 3 of the Dungeon)
 y - a ring of magical power (right hand)
   (You found it on level 6 of the Dungeon)
 D - an amulet of the acrobat
   (You took it off a gnoll on level 7 of the Dungeon)
Wands
 C - a wand of roots (5)
   (You found it on level 7 of the Dungeon)
Scrolls
 e - a scroll of acquirement {unknown}
 g - a scroll of magic mapping {unknown}
 m - a scroll of torment {unknown}
 p - a scroll of poison {unknown}
 w - a scroll of enchant armour {unknown}
 A - a scroll of teleportation {unknown}
 B - a scroll of silence {unknown}
Potions
 a - a potion of berserk rage {unknown}
 d - 3 potions of flight
 i - 7 potions of curing {@q1}
 k - 2 potions of invisibility
 l - 2 potions of attraction {!q}
 n - a potion of lignification {unknown}
 o - a potion of heal wounds {@q2}
 q - a potion of ambrosia {unknown}
 s - 2 potions of mutation {unknown}
 t - a potion of brilliance {unknown}
 z - 2 potions of might {unknown}

Dungeon Overview and Level Annotations

Branches:
Dungeon (7/15) Zot: 26201  Temple (0/1) D:6

Altars:

Annotations:
D:4 exclusion: downstairs
D:5 Duvessa
D:6 exclusion: upstairs

###>oo......#.#.......
.$....#o####...#.#######.
#.....#..o##.#...# #.
#.#######o##.#.#.## #.
#.........##.#.#..# #.
.#####o....#.#..######.
#.#####.#.......#. #(#
#.#.....P..♣
#@#####.#......~≈.
#....<..#....~~~~~
#####.####.....~~~ #.#
#....~~~~ ####.#
#......P. #....#
#........ #....#
#........ #.####....#
#......## #....'....#
#########


You could see an orc warrior (unable to see you), an orc priest (unable to see
you) and an orc (unable to see you).


Message History

Okay, then.
Okay, then.
Unknown command.
You fade into invisibility!
The orc warrior is no longer more vulnerable to fire.
The wraith hits you. The wraith drains your vigour!
You feel as though you will be slow longer.
The orc hits you from afar with a +0 trident.
* * * LOW HITPOINT WARNING * * *
The orc priest calls down the wrath of Beogh upon you.
The orc writhes in agony!
The orc dies! 😨 HP[-6]
You take 6 damage, and now have 43/89 hp.
Unknown command.
Unknown command.
Unknown command.
Unknown command.
An orc priest comes into view. It is wielding a +0 hand axe.
The wraith barely misses you. 😨 MP[+1] Unknown command.
The wraith attacks as you move away! The wraith hits you!
* * * LOW HITPOINT WARNING * * *
😨 HP[-9]
You take 9 damage, and now have 34/89 hp.
Unknown command.
Okay, then.
Unknown command.
Okay, then.
Unknown command.
Unknown command.
Activating: Foxfire Swarm
Press: ? - help, Dir - look around, f - activate Flames leap up around you!
The orc priest shouts!
The foxfire hits the orc priest.
The wraith hits you!
* * * LOW HITPOINT WARNING * * *
The wraith drains your vigour!
You feel as though you will be slow longer.
The wraith hits you!
* * * LOW HITPOINT WARNING * * *
😱 HP[-18] MP[+1]
You take 18 damage, and now have 16/89 hp.
MASSIVE DAMAGE!! (PAUSE) Unknown command.
The foxfire hits the wraith.
The wraith is burned terribly!
The foxfire hits the orc priest.
The foxfire hits the wraith!
The wraith is burned terribly!
The foxfire hits the wraith but does no damage.
The foxfire hits the orc priest.
The foxfire hits the wraith but does no damage. x2
Unknown command. 😱 HP[+1] Unknown command.
You feel much better. The wraith hits you.
* * * LOW HITPOINT WARNING * * *
The wraith drains your vigour!
You feel as though you will be slow longer.
The wraith hits you but does no damage. 😨 HP[+9]
You regained 9 hp, and now have 26/89 hp.
Casting: Scorch (safe; 4% risk of failure)
Confirm with . or Enter, or press ? or * to list all spells.
Flames lash the orc priest.
You kill the orc priest!
The wraith is no longer more vulnerable to fire.
The wraith hits you.
* * * LOW HITPOINT WARNING * * *
The wraith drains your vigour!
You feel as though you will be slow longer. 😨 MP[-1]
You lost 1 mp, and now have 23/35 mp.
Casting: Scorch (safe; 4% risk of failure)
Confirm with . or Enter, or press ? or * to list all spells.
Flames lash the wraith.
You destroy the wraith!
The orc priest mumbles some strange prayers to Beogh against something.
The orc barely misses you.
You have reached level 9!
Your experience leads to an increase in your attributes!
Increase (S)trength, (I)ntelligence, or (D)exterity?
You feel clever. x2; You feel stronger. 😨 HP[+3] MP[-2]
You now have 97 max hp (+8).
You regained 3 hp, and now have 29/97 hp. 😨 HP[+1] MP[+1] 😨 HP[+1] MP[+1]
q - a fuming green potion 😨 HP[+1] 😨 MP[+1]
The orc priest mumbles some strange prayers to Beogh against something.
The orc warrior unwields a +0 mace.
The orc warrior wields a +0 arbalest.
The orc warrior shoots a bolt.
The bolt hits you!
* * * LOW HITPOINT WARNING * * *
You see here 5 poisoned darts {throwing}. 😱 HP[-15]
You take 15 damage, and now have 17/97 hp.
The orc warrior shoots a bolt.
The bolt hits you!!
You die...

Skill      XL: |  1  2  3  4  5  6  7  8 |
---------------+-------------------------+-----
Fire Magic     | 3 |  3.6
Spellcasting   | 2 3 4 6 |  6.7
Fighting       | 5 7 8 |  8.4
Conjurations   | 2 4 |  4.8
Hexes          | 2 3 |  3.7
Maces & Flails | |  2.6

Action                   |  1- 3 |  4- 6 |  7- 9 || total
-------------------------+-------+-------+-------++-------
Melee: Mace              |    25 |       |       ||    25
       Whip              |    44 |    46 |     9 ||    99
       Punch             |     1 |       |       ||     1
       Trident           |       |       |    17 ||    17
Throw: Dart              |       |     9 |     3 ||    12
 Cast: Scorch            |     7 |    54 |    76 ||   137
Invok: Foxfire Swarm     |       |       |     1 ||     1
       Fiery Armour      |       |       |     1 ||     1
  Use: Scroll            |       |     6 |     2 ||     8
       Potion            |       |       |     4 ||     4
Armor: Robe              |    15 |    12 |    21 ||    48
Dodge: Dodged            |    24 |    26 |    33 ||    83

Levels and vault maps discovered:
D:1:      arrival_zaba_pyramid, layout_basic,
          dreamdust_ecumenical_altar_angels_and_demons
D:2:      layout_rooms, minmay_fractal_squares_gapless_5
D:3:      layout_basic
D:4:      layout_gridville, grunt_decor_arrowhead
D:5:      layout_basic, serial_aquarium, aquarium_bridge_straight
          [aquarium_subvault_bridge, aquarium_subvault_wall,
          aquarium_subvault_bridge, aquarium_subvault_wall],
          aquarium_window_fake, aquarium_window_2, aquarium_window_1,
          aquarium_view_2e, aquarium_balcony_3a,
          amcnicky_mini_rare_corridor_liquid, uniq_duvessa
D:6:      layout_basic, minmay_temple_entry_poolview
D:7:      layout_basic, serial_demonic, serial_demonic_f, serial_demonic_g,
          serial_demonic_f, serial_demonic_a, uniq_prince_ribbit1, uniq_menkaure

Notes
Turn   | Place    | Note
-------+----------+-------------------------------------------
     0 | D:1      | MackTheKnife the Ogre Cinder Acolyte began the quest for
                  | the Orb.
     0 | D:1      | Reached XP level 1. HP: 24/24 MP: 2/2
     0 | D:1      | magus.rc [v1.9.6]
     0 | D:1      | magus.rc [v1.9.6]
   112 | D:1      | Reached skill level 3 in Fire Magic
   112 | D:1      | Reached XP level 2. HP: 32/32 MP: 4/4
   115 | D:1      | Learned a level 2 spell: Scorch
   186 | D:1      | Reached skill level 2 in Spellcasting
   514 | D:1      | Found a faded altar of an unknown god.
   902 | D:2      | Reached XP level 3. HP: 39/39 MP: 6/6
  1267 | D:2      | Reached skill level 3 in Spellcasting
  1267 | D:2      | Reached XP level 4. HP: 40/48 MP: 1/8
  1544 | D:3      | You pick up a book of Sloth and begin reading...
  1544 | D:3      | You add the spells Petrify, Metabolic Englaciation and
                  | Statue Form to your library.
  1786 | D:3      | You pick up a book of Displacement and begin reading...
  1786 | D:3      | You add the spells Lesser Beckoning, Gell's Gravitas and
                  | Teleport Other to your library.
  1882 | D:3      | magus.rc [v1.9.6]
  2384 | D:4      | Reached skill level 5 in Fighting
  2384 | D:4      | Reached XP level 5. HP: 57/57 MP: 9/9
  2533 | D:4      | Reached skill level 6 in Fighting
  2697 | D:4      | Noticed a black bear
  2910 | D:4      | Killed a black bear
  2911 | D:4      | Reached skill level 7 in Fighting
  2911 | D:4      | Reached XP level 6. HP: 60/71 MP: 10/10
  3087 | D:5      | Entered Level 5 of the Dungeon
  3450 | D:5      | Noticed a black bear
  3460 | D:5      | Reached skill level 8 in Fighting
  3463 | D:5      | Noticed Duvessa
  3636 | D:5      | You pick up a book of Conjurations {@e2} and begin
                  | reading...
  3636 | D:5      | You add the spells Magic Dart, Searing Ray and Fulminant
                  | Prism to your library.
  3648 | D:5      | Learned a level 4 spell: Fulminant Prism
  4096 | D:6      | Reached XP level 7. HP: 58/81 MP: 6/12
  4098 | D:6      | Reached skill level 1 in Conjurations
  4108 | D:6      | Reached skill level 1 in Hexes
  4325 | D:6      | HP: 20/81 [poisoned by a scorpion]
  4330 | D:6      | HP: 15/81 [poisoned by a scorpion]
  4580 | D:6      | Reached skill level 4 in Spellcasting
  4673 | D:6      | Reached skill level 2 in Conjurations
  4673 | D:6      | Reached skill level 2 in Hexes
  4684 | D:6      | Reached XP level 8. HP: 57/89 MP: 11/14
  4917 | D:6      | You pick up a book of Party Tricks and begin reading...
  4917 | D:6      | You add the spells Apportation and Alistair's Intoxication
                  | to your library.
  4928 | D:6      | Found a staircase to the Ecumenical Temple.
  5317 | D:7      | Reached skill level 3 in Conjurations
  5327 | D:7      | Reached skill level 3 in Hexes
  5389 | D:7      | Reached skill level 5 in Spellcasting
  5865 | D:7      | Noticed Menkaure
  5869 | D:7      | Killed Menkaure
  5870 | D:7      | Reached skill level 6 in Spellcasting
  5870 | D:7      | Reached skill level 4 in Conjurations
  6049 | D:7      | Noticed a wraith
  6066 | D:7      | HP: 16/89 [wraith (10)]
  6070 | D:7      | Killed a wraith
  6071 | D:7      | Reached XP level 9. HP: 29/97 MP: 19/19
  6078 | D:7      | HP: 17/97 [orc warrior/bolt (16)]
  6079 | D:7      | Shot with a bolt by an orc warrior

Vanquished Creatures
  A wraith (D:7)
  Menkaure (D:7)
  2 black bears
  A sky beast (D:6)
  A gnoll sergeant (D:6)
  4 bullfrogs
  A necrophage (D:6)
  A scorpion (D:6)
  4 killer bees (D:7)
  4 hounds
  An orc priest (D:7)
  A jelly (D:5)
  3 iguanas
  12 gnolls
  7 adders
  4 shadow imps
  2 white imps (D:7)
  2 ufetubi
  3 worms
  2 dart slugs
  4 orcs
  5 ball pythons
  2 bats
  8 endoplasms
  7 giant cockroaches
  3 goblins
  2 hobgoblins (D:1)
  2 quokkas
  4 frilled lizards
  7 kobolds
  5 rats
106 creatures vanquished.

Vanquished Creatures (others)
  An orc (D:7)
  3 demonic plants (D:7)
  7 foxfires (D:7)
  7 fungi (D:5)
18 creatures vanquished.

Grand Total: 124 creatures vanquished

Table legend:
 A = Non-vault XP
 B = Vault XP
 C = Vault XP percentage of total XP
 D = Non-vault monster count
 E = Vault monster count
 F = Vault count percentage of total count
                 A         B        C        D         E       F
            +---------+---------+-------+---------+---------+-------
      Total |    2236 |     214 |   8.7 |      99 |       7 |   6.6
            +---------+---------+-------+---------+---------+-------
        D:1 |      31 |       0 |   0.0 |      20 |       0 |   0.0
        D:2 |      56 |       4 |   6.7 |      13 |       2 |  13.3
        D:3 |      46 |       0 |   0.0 |      10 |       0 |   0.0
        D:4 |     257 |       0 |   0.0 |      15 |       0 |   0.0
        D:5 |     202 |       0 |   0.0 |      10 |       0 |   0.0
        D:6 |     828 |       0 |   0.0 |      17 |       0 |   0.0
        D:7 |     816 |     210 |  20.5 |      14 |       5 |  26.3
            +---------+---------+-------+---------+---------+-------

Illustrated notes

Table legend:
 A = Kills in this place as a percentage of kills in entire the game.
 B = Kills by you in this place as a percentage of kills by you in the entire game.
 C = Kills by friends in this place as a percentage of kills by friends in the entire game.
 D = Other kills in this place as a percentage of other kills in the entire game.
 E = Experience gained in this place as a percentage of experience gained in the entire game.
 F = Experience gained in this place divided by the number of levels of this place that you have seen.
                   A       B       C       D       E      F
               +-------+-------+-------+-------+-------+----------------------
         Total | 100.0 | 100.0 |   N/A |   N/A | 100.0 | 350.0
       Dungeon | 100.0 | 100.0 |   N/A |   N/A | 100.0 | 350.0
               +-------+-------+-------+-------+-------+----------------------

Table legend: (Time is in decaauts)
 A = Elapsed time spent in this place.
 B = Non-inter-level travel time spent in this place.
 C = Inter-level travel time spent in this place.
 D = Time resting spent in this place.
 E = Time spent auto-exploring this place.
 F = Levels seen in this place.
 G = Mean time per level.
                   A        B        C        D        E       F      G
               +--------+--------+--------+--------+--------+-----+--------+
         Total |   6098 |   5906 |    192 |   1169 |   3548 |   7 |  871.1 |
       Dungeon |   6098 |   5906 |    192 |   1169 |   3548 |   7 |  871.1 |
               +--------+--------+--------+--------+--------+-----+--------+

Top non-repeatable levels by time:
     D:6: 1408 daAuts
     D:3: 901 daAuts
     D:1: 825 daAuts
     D:7: 796 daAuts
     D:5: 792 daAuts
     D:4: 701 daAuts
     D:2: 672 daAuts
